 Dungeon Crawl Stone Soup version 0.20-a0-760-g49f5558 (webtiles) character file.

77427 polly the Severer (level 15, -1/143 HPs)
             Began as a Minotaur Berserker on Feb 25, 2017.
             Was the Champion of Trog.
             Shot with an arrow by a deep elf archer (23 damage)
             ... on level 1 of the Elven Halls.
             The game lasted 00:33:05 (21713 turns).

polly the Severer (Minotaur Berserker)             Turns: 21713, Time: 00:33:08

Health: -1/143     AC: 18    Str: 27    XL:     15   Next: 15%
Magic:  14/14      EV: 11    Int:  4    God:    Trog [******]
Gold:   1541       SH: 13    Dex: 16    Spells: 14/14 levels left

rFire    + . .     SeeInvis .   M - +8 mithril axe "Arga" {speed, MR+}
rCold    . . .     Gourm    .   w - +0 plate armour
rNeg     . . .     Faith    .   H - +0 shield
rPois    +         Spirit   .   (helmet restricted)
rElec    .         Reflect  .   (no cloak)
rCorr    .         Harm     .   (no gloves)
MR       ++...                  i - +0 pair of boots
Stlth    ..........             (no amulet)
Regen    0.4/turn               g - +3 ring of dexterity
MPRegen  0.2/turn               z - ring of poison resistance

@: no status effects
A: retaliatory headbutt, beak, horns 2, agile 1, fire resistance 1
a: Berserk, Trog's Hand, Brothers in Arms, Burn Spellbooks, Renounce Religion


You were on level 1 of the Elven Halls.
You worshipped Trog.
Trog was exalted by your worship.
You were not hungry.

You visited 3 branches of the dungeon, and saw 18 of its levels.

You collected 1541 gold pieces.

Inventory:

Hand Weapons
 M - the +8 mithril axe "Arga" (weapon) {speed, MR+}
   (Trog gifted it to you on level 1 of the Elven Halls)

   Attacks with this weapon are significantly faster.
   It affects your resistance to hostile enchantments.
Armour
 i - a +0 pair of boots (worn)
 w - a +0 plate armour (worn)
 H - a +0 shield (worn)
Jewellery
 g - a +3 ring of dexterity (right hand)
 x - an uncursed ring of resist corrosion
 z - a ring of poison resistance (left hand)
 A - an uncursed ring of positive energy
Wands
 B - a wand of acid (5/15)
 C - a wand of acid (10/15)
 O - a wand of lightning (2/15)
 P - a wand of iceblast (8/15)
Scrolls
 a - 2 scrolls of immolation
 f - 8 scrolls of teleportation
 j - 2 scrolls of fear {unknown}
 m - a scroll of recharging {unknown}
 n - 5 scrolls of enchant weapon {unknown}
 p - 4 scrolls of fog {unknown}
 v - 6 scrolls of remove curse
 y - 3 scrolls of identify
 E - 2 scrolls of blinking {unknown}
 G - a scroll of holy word {unknown}
 J - a scroll of magic mapping {unknown}
 K - a scroll of random uselessness {unknown}
 Q - a scroll of vulnerability {unknown}
 S - a scroll of enchant armour {unknown}
Potions
 b - a potion of cancellation
 d - a potion of magic
 k - 4 potions of agility
 l - 5 potions of curing
 o - 2 potions of invisibility {unknown}
 q - 3 potions of brilliance
 r - 4 potions of haste
 s - 4 potions of degeneration
 t - a potion of berserk rage
 u - 3 potions of flight
 D - 2 potions of ambrosia
 F - a potion of heal wounds
 I - 3 potions of mutation
Miscellaneous
 R - a lightning rod (4/4)
Comestibles
 c - 8 bread rations
 h - 7 meat rations
 L - 9 royal jellies
 T - 4 fruits


   Skills:
 + Level 15.6 Fighting
 + Level 18.6 Axes
 + Level 15.1 Armour
 + Level 6.2 Dodging
 + Level 1.6 Stealth
 + Level 11.3 Shields
 + Level 1.0 Evocations


You had 14 spell levels left.
You didn't know any spells.

Dungeon Overview and Level Annotations

Branches:
Dungeon (15/15)            Temple (0/1) D:7            Lair (0/6) D:11
    Orc (2/2) D:9             Elf (1/3) Orc:2        Vaults (0/5) D:13
 Depths (0/5) D:15

Altars:
Elyvilon
Fedhas
Hepliaklqana
Kikubaaqudgha
Makhleb
Nemelex Xobeh
Okawaru
Ru
Sif Muna
Trog
Xom
Yredelemnul
Beogh

Shops:
D:13 *   Orc:2 [(%=

Annotations:
Elf:1 exclusion: Roxanne, Roxanne


Innate Abilities, Weirdness & Mutations

You reflexively headbutt those who attack you in melee.
You have a pair of horns on your head.
You have a beak for a mouth.
You are agile. (Dex +2)
Your flesh is heat resistant. (rF+)


Message History

The deep elf mage gestures at you while chanting.
The bolt of fire hits you! You resist.
* * * LOW HITPOINT WARNING * * *
Unknown command.
You slice the deep elf mage!!
You kill the deep elf mage!
Trog accepts your kill.
Trog appreciates your killing of a magic user.
You slice the deep elf mage!! You miss the deep elf mage.
You peck the deep elf mage.
The deep elf mage is almost dead.
You hit the fire elemental.
The deep elf mage hits you but does no damage.
You barely miss the deep elf mage.
The deep elf mage is almost dead.
You slash the fire elemental! The fire elemental hits you.
The fire elemental burns you! You resist.
* * * LOW HITPOINT WARNING * * *
The deep elf archer shoots an arrow.
The arrow hits you!!
You die...

#...#..#.....# #######
#...#..#.....#..#......
#...#..#..(..#..#......
#...#e.#(..).#..#..####
#...#..#(....#..#.)'...
#...#.(#(....#..#..#...
#...#.(#.)...#..#..#...
#...#.)(.....#..#..#...
#...#)@#)....#..'..####
#...#Ee#.....#..#......
#...#§E#.....#..#.....>
#...#.§#######..#######
#...'.§§...............
#...#..................
#...###################
#......................
#......................


You could see a deep elf archer, a deep elf mage and 2 fire elementals.

Vanquished Creatures
  2 deep elf sorcerers (Elf:1)
  An orc warlord (Orc:1)
  A stone giant (Orc:2)
  The ghost of w00t the Severer, a journeyman HOMo of Wu Jian (D:13)
  Azrael (D:12)
  A deep elf death mage (Elf:1)
  4 vault guards
  A hydra (D:13)
  5 centaur warriors
  The ghost of GlassEater the Grappler, a novice TrMo of Qazlal (D:8)
  5 two-headed ogres
  A death knight (D:15)
  A tengu warrior (D:13)
  An ogre mage (D:9)
  A deep troll earth mage (D:10)
  An orc high priest (Orc:2)
  4 deep elf knights (Elf:1)
  A skeletal warrior (D:15)
  3 unseen horrors
  4 deep elf archers (Elf:1)
  3 wizards
  Pikel (D:5)
  2 phantasmal warriors (D:15)
  An orc knight (Orc:2)
  2 orc sorcerers
  21 deep elf magi
  A wolf spider (D:15)
  10 ugly things
  A cyclops (D:11)
  4 manticores
  A salamander (D:15)
  Joseph (D:8)
  5 centaur skeletons
  2 gargoyles (D:15)
  4 komodo dragons
  A kobold demonologist (D:13)
  A freezing wraith (D:15)
  A tengu conjurer (D:13)
  A hornet (D:14)
  4 trolls
  19 slime creatures
  A merfolk (shapeshifter) (D:15)
  Grinder (D:3)
  6 hippogriffs
  A shadow (D:12)
  21 yaks
  2 vampires
  3 wyverns
  4 fire elementals
  2 water elementals (Elf:1)
  4 wraiths
  Eustachio (D:6)
  2 basilisks
  3 hungry ghosts
  A steam dragon (D:10)
  6 vampire mosquitoes
  Menkaure (D:6)
  3 acid dragons
  3 wargs (Orc:2)
  Duvessa (D:4)
  3 hell hounds
  4 soldier ants
  A water moccasin (D:8)
  35 orc warriors
  2 ice beasts
  3 necrophages
  A black bear (D:9)
  4 sky beasts
  An eye of draining (shapeshifter) (Elf:1)
  4 phantoms
  A boggart (Elf:1)
  The ghost of MajorBinkx the Insei, an amateur DsCK of Xom (D:3)
  13 ogres
  10 centaurs
  A crocodile (D:7)
  2 big kobolds
  11 bullfrogs
  A gnoll sergeant (Orc:1)
  Dowan (D:4)
  A water moccasin zombie (D:5)
  A water moccasin skeleton (D:10)
  5 scorpions
  15 killer bees
  A howler monkey (D:14)
  4 bullfrog zombies
  8 crimson imps
  A centaur zombie (D:10)
  5 hounds
  A quasit (D:12)
  A bullfrog skeleton (D:13)
  3 jellies
  29 orc priests
  29 orc wizards
  6 iguanas
  Terence (D:2)
  Natasha (thrice) (D:2)
  9 worker ants
  A hound zombie (D:9)
  A hound skeleton (D:5)
  A worker ant zombie (D:5)
  Robin (D:2)
  3 gnolls (Orc:1)
  A howler monkey skeleton (D:10)
  16 adders
  A shadow imp (D:5)
  2 oozes (D:1)
  An adder skeleton (D:7)
  9 worms
  3 dart slugs
  4 leopard geckos
  101 orcs
  4 giant cockroaches
  10 hobgoblins
  15 jackals
  A quokka (D:6)
  2 ball pythons
  7 bats
  6 frilled lizards
  A giant cockroach zombie (D:6)
  16 goblins
  2 jackal skeletons (D:5)
  17 kobolds
  A leopard gecko skeleton (D:5)
  A quokka skeleton (D:4)
  12 rats
  2 plants (D:11)
656 creatures vanquished.

Vanquished Creatures (collateral kills)
  An ugly thing (D:11)
  A hippogriff (D:11)
2 creatures vanquished.

Vanquished Creatures (others)
  An acid dragon (D:10)
  A slave (D:5)
  A human (D:8)
  A crimson imp (D:5)
  A worker ant (D:10)
  An orc (D:5)
  5 plants
11 creatures vanquished.

Grand Total: 669 creatures vanquished

Notes
Turn   | Place    | Note
-------+----------+-------------------------------------------
     0 | D:1      | polly the Minotaur Berserker began the quest for the Orb.
     0 | D:1      | Reached XP level 1. HP: 19/19 MP: 0/0
   123 | D:1      | Reached XP level 2. HP: 21/27 MP: 1/1
   145 | D:1      | Reached skill level 4 in Axes
   419 | D:1      | Reached XP level 3. HP: 33/33 MP: 2/2
   571 | D:1      | Reached ** piety under Trog
  1242 | D:2      | Noticed Robin
  1247 | D:2      | Killed Robin
  1247 | D:2      | Reached XP level 4. HP: 4/40 MP: 3/3
  1580 | D:2      | Noticed Terence
  1591 | D:2      | Killed Terence
  1651 | D:2      | Noticed Natasha
  1662 | D:2      | Killed Natasha
  1662 | D:2      | Reached skill level 5 in Axes
  1842 | D:2      | Noticed Natasha
  1850 | D:2      | Killed Natasha
  1850 | D:2      | Reached XP level 5. HP: 39/47 MP: 4/4
  2052 | D:2      | Noticed Natasha
  2053 | D:2      | Reached *** piety under Trog
  2058 | D:2      | Killed Natasha
  2470 | D:3      | Noticed MajorBinkx's ghost (amateur DsCK)
  2481 | D:3      | Killed MajorBinkx's ghost
  2481 | D:3      | Reached skill level 6 in Axes
  2481 | D:3      | Reached XP level 6. HP: 42/55 MP: 5/5
  2503 | D:3      | Found a hazy altar of Hepliaklqana.
  2508 | D:3      | Found a sacrificial altar of Ru.
  2509 | D:3      | Found an iron altar of Okawaru.
  2511 | D:3      | Found a deep blue altar of Sif Muna.
  2511 | D:3      | Found a basalt altar of Yredelemnul.
  2512 | D:3      | Found a white marble altar of Elyvilon.
  2513 | D:3      | Found a bloodstained altar of Trog.
  2515 | D:3      | Found a sparkling altar of Nemelex Xobeh.
  2516 | D:3      | Found a burning altar of Makhleb.
  2908 | D:3      | Noticed Grinder
  2914 | D:3      | Paralysed by Grinder for 2 turns
  2921 | D:3      | Killed Grinder
  2921 | D:3      | Reached skill level 5 in Fighting
  3214 | D:4      | Noticed Dowan
  3215 | D:4      | Noticed Duvessa
  3219 | D:4      | Reached XP level 7. HP: 55/61 MP: 6/6
  3223 | D:4      | Killed Duvessa
  3223 | D:4      | Reached skill level 7 in Axes
  3232 | D:4      | Killed Dowan
  3232 | D:4      | Reached **** piety under Trog
  3731 | D:4      | Reached skill level 5 in Armour
  3832 | D:5      | Entered Level 5 of the Dungeon
  3837 | D:5      | Reached skill level 8 in Axes
  3893 | D:5      | Noticed Pikel
  3905 | D:5      | Reached XP level 8. HP: 69/70 MP: 7/7
  3908 | D:5      | Killed Pikel
  3908 | D:5      | Reached skill level 9 in Axes
  4413 | D:5      | Reached ***** piety under Trog
  4422 | D:5      | Reached skill level 1 in Stealth
  4431 | D:5      | Reached skill level 5 in Dodging
  4449 | D:5      | Reached XP level 9. HP: 60/79 MP: 8/8
  4654 | D:6      | Noticed Menkaure
  4666 | D:6      | Killed Menkaure
  4666 | D:6      | Reached skill level 10 in Axes
  5377 | D:6      | Noticed Eustachio
  5387 | D:6      | Killed Eustachio
  6076 | D:7      | Reached skill level 11 in Axes
  6210 | D:7      | Found a blossoming altar of Fedhas.
  6210 | D:7      | Found an ancient bone altar of Kikubaaqudgha.
  6267 | D:7      | Found a faded altar of an unknown god.
  6268 | D:7      | Found a staircase to the Ecumenical Temple.
  6667 | D:8      | Noticed GlassEater's ghost (novice TrMo)
  6684 | D:8      | Killed GlassEater's ghost
  6868 | D:8      | Noticed a two-headed ogre
  6879 | D:8      | Killed a two-headed ogre
  6879 | D:8      | Reached skill level 12 in Axes
  6879 | D:8      | Reached XP level 10. HP: 26/90 MP: 9/9
  7158 | D:8      | Received a gift from Trog
  7191 | D:8      | Noticed Joseph
  7202 | D:8      | Killed Joseph
  7677 | D:8      | Found an ancient bone altar of Kikubaaqudgha.
  7927 | D:9      | Found a staircase to the Orcish Mines.
  8252 | D:9      | Reached skill level 10 in Armour
  8384 | D:10     | Entered Level 10 of the Dungeon
  8385 | D:10     | Noticed an ogre mage
  8387 | D:10     | Found a shimmering altar of Xom.
  8388 | D:10     | Noticed a deep troll earth mage
  8556 | D:9      | Killed an ogre mage
  8556 | D:9      | Reached skill level 13 in Axes
  8631 | D:10     | Killed a deep troll earth mage
  8631 | D:10     | Reached skill level 1 in Shields
  8639 | D:10     | Paralysed by fainting for 5 turns
  8662 | D:10     | Killed an unseen horror
  8662 | D:10     | Reached XP level 11. HP: 21/99 MP: 10/10
  8963 | D:10     | Found a white marble altar of Elyvilon.
  9426 | D:9      | Reached skill level 10 in Fighting
 10555 | D:11     | Reached skill level 14 in Axes
 10560 | D:11     | Received a gift from Trog
 10779 | D:11     | Noticed a two-headed ogre
 10805 | D:11     | Killed a two-headed ogre
 11184 | D:11     | Found a staircase to the Lair.
 11322 | D:11     | Reached skill level 5 in Shields
 11561 | D:12     | Reached XP level 12. HP: 94/110 MP: 11/11
 11755 | D:12     | Noticed a two-headed ogre
 11773 | D:12     | Killed a two-headed ogre
 11884 | D:12     | Noticed a centaur warrior
 11890 | D:12     | Killed a centaur warrior
 12616 | D:12     | Noticed Azrael
 13273 | D:12     | Killed Azrael
 13445 | D:13     | Found a gate to the Vaults.
 13445 | D:13     | Noticed a vault guard
 13445 | D:13     | Noticed a vault guard
 13445 | D:13     | Noticed a vault guard
 13446 | D:13     | Noticed a vault guard
 13448 | D:13     | Noticed a centaur warrior
 13500 | D:12     | Killed a vault guard
 13500 | D:12     | Reached skill level 15 in Axes
 13788 | D:12     | Killed a centaur warrior
 13835 | D:13     | Killed a vault guard
 13843 | D:13     | Killed a vault guard
 13843 | D:13     | Reached ****** piety under Trog
 13855 | D:13     | Killed a vault guard
 13944 | D:13     | Noticed w00t's ghost (journeyman HOMo)
 13971 | D:12     | Noticed a centaur warrior
 13982 | D:12     | Killed a centaur warrior
 14155 | D:13     | Killed w00t's ghost
 14155 | D:13     | Received a gift from Trog
 14193 | D:13     | Reached XP level 13. HP: 59/119 MP: 4/12
 15457 | D:13     | Found Dazoyf's Assorted Antiques.
 15850 | D:14     | Reached skill level 1 in Evocations
 15881 | D:14     | Reached skill level 16 in Axes
 16277 | D:14     | Received a gift from Trog
 16387 | D:14     | Found a sacrificial altar of Ru.
 16579 | D:15     | Entered Level 15 of the Dungeon
 16642 | D:15     | Gained mutation: You have a beak for a mouth. [mutagenic meat]
 16643 | D:15     | Gained mutation: You are dopey. (Int -2) [mutagenic meat]
 16644 | D:15     | Gained mutation: Your flesh is heat resistant. (rF+) [mutagenic meat]
 16645 | D:15     | Gained mutation: You are agile. (Dex +2) [mutagenic meat]
 16646 | D:15     | Lost mutation: You are dopey. (Int -2) [mutagenic meat]
 16647 | D:15     | Gained mutation: You do not regenerate when monsters are visible. [mutagenic meat]
 16649 | D:15     | Lost mutation: You do not regenerate when monsters are visible. [mutagenic meat]
 16871 | D:15     | Reached skill level 17 in Axes
 17143 | D:15     | Reached XP level 14. HP: 130/130 MP: 4/13
 17789 | D:15     | Found a staircase to the Depths.
 18372 | Orc:1    | Entered Level 1 of the Orcish Mines
 18389 | Orc:1    | Reached skill level 10 in Shields
 18536 | Orc:2    | Entered Level 2 of the Orcish Mines
 18541 | Orc:2    | Noticed a stone giant
 18556 | Orc:2    | Killed a stone giant
 19007 | Orc:2    | Received a gift from Trog
 19083 | Orc:2    | Found a roughly hewn altar of Beogh.
 19084 | Orc:2    | Found Agips's Jewellery Emporium.
 19144 | Orc:2    | Found a roughly hewn altar of Beogh.
 19287 | Orc:2    | Noticed an orc warlord
 19302 | Orc:2    | Paralysed by an orc sorcerer for 7 turns
 19309 | Orc:2    | Reached skill level 18 in Axes
 19882 | Orc:2    | Received a gift from Trog
 19893 | Orc:1    | Killed an orc warlord
 19993 | Orc:2    | Found a staircase to the Elven Halls.
 20017 | Orc:2    | Found a roughly hewn altar of Beogh.
 20050 | Orc:2    | Found a roughly hewn altar of Beogh.
 20081 | Orc:2    | Found a roughly hewn altar of Beogh.
 20081 | Orc:2    | Found Pugg's Food Emporium.
 20196 | Orc:2    | Found Saebbur's Antique Armour Emporium.
 20197 | Orc:2    | Found a roughly hewn altar of Beogh.
 20198 | Orc:2    | Found Baezo's Antique Weapon Shoppe.
 20346 | Orc:2    | Found a roughly hewn altar of Beogh.
 20387 | Elf:1    | Entered Level 1 of the Elven Halls
 20641 | Elf:1    | Noticed Roxanne
 20641 | Elf:1    | Noticed a deep elf sorcerer
 20889 | Elf:1    | Reached skill level 15 in Fighting
 21168 | Elf:1    | Received a gift from Trog
 21275 | Elf:1    | Found a deep blue altar of Sif Muna.
 21339 | Elf:1    | Got a slimy ring mail
 21382 | Elf:1    | Killed a deep elf sorcerer
 21398 | Elf:1    | Noticed a deep elf sorcerer
 21405 | Elf:1    | Reached skill level 15 in Armour
 21408 | Elf:1    | Killed a deep elf sorcerer
 21408 | Elf:1    | Reached XP level 15. HP: 131/141 MP: 14/14
 21520 | Elf:1    | Identified the +6 ring mail of Erhitiggeo {rElec Int-5 Dex+2} (You found it on level 1 of the Elven Halls)
 21520 | Elf:1    | Lost intelligence.
 21713 | Elf:1    | Shot with an arrow by a deep elf archer

Vault maps used:
D:1:      nagdon_arrival_double_spiral, chequers_big_river
D:2:      first_bread, uniq_natasha, uniq_robin, uniq_terence
D:3:      minitemple, serial_park_tiny_2, lightli_corner_chamber, uniq_grinder
D:4:      uniq_duvessa
D:5:      st_stairs_13, kennysheep_generic_room_16, uniq_pikel
D:6:      minmay_klotski, uniq_eustachio, uniq_menkaure
D:7:      grunt_temple_overflow_growth_and_decay,
          nicolae_temple_entry_ecumenical
D:8:      tgw_kikubaaqudgha, uniq_joseph
D:9:      orc_0_dummy
D:10:     jmf_multi_god_temple
D:11:     david_lair_shrubbed
D:12:     hangedman_pestilent_swarm, minmay_statues_item, uniq_azrael
D:13:     lightli_vaults_fourway_checkpoint, serial_shops,
          nicolae_shop_overgrown_old_shop
D:14:     nicolae_ru_sacrificial_ziggurat, minivault_27
D:15:     hangedman_depths_entry_try_elsewhere_first, hangedman_decor_opposing
Orc:2:    grunt_orc_community_town_hall, grunt_orc_community_big_house_1,
          grunt_orc_community_big_house_1, grunt_orc_community_house_2,
          grunt_orc_community_house_1, grunt_orc_community_house_3,
          grunt_orc_community_house_1, grunt_orc_community_house_3,
          grunt_orc_community_house_2
Elf:1:    eino_elf_arrival_the_gate, basic_altar, hangedman_elf_disciples,
          uniq_roxanne

Skill      XL: |  1  2  3  4  5  6  7  8  9 10 11 12 13 14 |
---------------+-------------------------------------------+-----
Axes           | 4 5 6 8 9 12 13 14 15 17 18 | 18.6
Fighting       | 4 5 7 8 9 11 12 13 15 | 15.6
Dodging        | 3 4 5 6 |  6.2
Armour         | 3 4 5 7 9 10 12 13 14 15 | 15.1
Stealth        | 1 |  1.6
Shields        | 1 5 8 9 11 | 11.3
Evocations     | 1 |  1.0

Action                   |  1- 3 |  4- 6 |  7- 9 | 10-12 | 13-15 || total
-------------------------+-------+-------+-------+-------+-------++-------
Melee: Hand axe          |    89 |   120 |   241 |   816 |       ||  1266
       Headbutt          |    15 |    25 |    45 |   220 |   202 ||   507
       Broad axe         |       |       |       |    11 |   743 ||   754
       Peck              |       |       |       |       |   117 ||   117
Invok: Berserk           |       |     1 |     4 |    12 |     5 ||    22
       Burn Spellbooks   |       |       |     1 |     2 |       ||     3
       Brothers in Arms  |       |       |       |     1 |       ||     1
Evoke: Wand              |       |       |       |     2 |     1 ||     3
       Lightning rod     |       |       |       |       |     4 ||     4
  Use: Scroll            |       |       |     2 |    13 |     3 ||    18
       Potion            |       |       |       |     5 |     1 ||     6
 Stab: Distracted        |       |       |       |       |     1 ||     1
  Eat: Chunk             |       |     4 |     7 |    30 |    32 ||    73
       Royal jelly       |       |     2 |       |     2 |     2 ||     6
       Meat ration       |       |       |     2 |       |       ||     2
       Fruit             |       |       |       |     4 |     1 ||     5
Armor: Animal skin       |    17 |       |       |       |       ||    17
       Scale mail        |       |    37 |    40 |       |       ||    77
       Plate armour      |       |       |    65 |   347 |   250 ||   662
Dodge: Dodged            |    62 |    74 |   117 |   146 |   153 ||   552
Block: Shield            |       |       |       |   223 |   302 ||   525
